 Dungeon Crawl Stone Soup version 0.20-a0-522-g0b37eee (webtiles) character file.

2658 Minion the Cleaver (level 9, -11/68 HPs)
             Began as a Minotaur Gladiator on Jan 25, 2017.
             Was an Elder of the Shining One.
             Mangled by Joseph
             ... wielding a +0 quarterstaff
              (29 damage)
             ... on level 7 of the Dungeon.
             The game lasted 00:19:37 (6467 turns).

Minion the Cleaver (Minotaur Gladiator)             Turns: 6467, Time: 00:19:37

Health: -11/68     AC:  8    Str: 20    XL:     9   Next: 36%
Magic:  8/8        EV: 15    Int:  5    God:    the Shining One [****..]
Gold:   210        SH:  0    Dex: 14    Spells: 8/8 levels left

rFire    . . .     SeeInvis .   a - +0 war axe
rCold    . . .     Gourm    .   s - +0 ring mail
rNeg     + + .     Faith    +   (no shield)
rPois    .         Spirit   .   c - +1 hat
rElec    .         Reflect  .   r - +0 cloak
rCorr    .         Harm     .   (no gloves)
MR       +....                  (no boots)
Stlth    +.........             o - amulet of faith
Regen    0.3/turn               (no ring)
                                q - ring of protection from magic

@: glowing
A: retaliatory headbutt, horns 2
a: Divine Shield, Cleansing Flame, Renounce Religion


You were on level 7 of the Dungeon.
You worshipped the Shining One.
The Shining One was greatly pleased with you.
You were not hungry.

You visited 2 branches of the dungeon, and saw 8 of its levels.
You also visited: Ossuary.

You collected 379 gold pieces.
You spent 169 gold pieces at shops.

Inventory:

Hand Weapons
 a - a +0 war axe (weapon)
 y - a cursed +2 hand axe
Armour
 c - a +1 hat (worn)
 r - a +0 cloak (worn)
 s - a +0 ring mail (worn)
Jewellery
 o - an amulet of faith (around neck)
 q - a ring of protection from magic (left hand)
Wands
 k - a wand of digging (8/24)
 n - a wand of polymorph (12/24)
 t - a wand of flame (15/48)
 D - a wand of scattershot (2/9)
Scrolls
 d - 3 scrolls of immolation
 e - 5 scrolls of identify
 h - 4 scrolls of fear
 i - 4 scrolls of enchant armour
 v - a scroll of amnesia
Potions
 b - 3 potions of haste {unknown}
 g - 2 potions of brilliance {unknown}
 m - a potion of degeneration {unknown}
 p - a potion of invisibility {unknown}
 u - a potion of mutation {unknown}
 x - a potion of flight {unknown}
 z - 6 potions of agility {unknown}
 A - 2 potions of beneficial mutation {unknown}
 C - a potion of cancellation {unknown}
Books
 j - a book of Misfortune

   Spells                             Type                      Level
   a - Confusing Touch                Hexes                        1
   b - Confuse                        Hexes                        3
   c - Gell's Gravitas                Hexes/Translocation          3
   d - Petrify                        Transmutation/Earth          4
   e - Metabolic Englaciation         Hexes/Ice                    5
   f - Yara's Violent Unravelling     Hexes/Transmutation          5
Comestibles
 f - 2 bread rations


   Skills:
 - Level 2.4 Fighting
 * Level 12.1 Axes
 - Level 2.0 Throwing
 + Level 6.8 Armour
 + Level 7.1 Dodging


You had 8 spell levels left.
You didn't know any spells.

Dungeon Overview and Level Annotations

Branches:
Dungeon (7/15)             Temple (1/1) D:4

Altars:
Ashenzari
Cheibriados
Dithmenos
Elyvilon
Gozag
Hepliaklqana
Kikubaaqudgha
Makhleb
Okawaru
Qazlal
Ru
Sif Muna
Trog
Uskayaw
Vehumet
Xom
Yredelemnul
Zin
The Shining One

Shops:
D:5 !   D:7 !

Annotations:
D:7 Joseph


Innate Abilities, Weirdness & Mutations

You reflexively headbutt those who attack you in melee.
You have a pair of horns on your head.


Message History

You see here a sling bullet.
You feel better.
Joseph unwields an uncursed hunting sling of flaming.
It stops flaming.
Joseph wields an uncursed quarterstaff.
Joseph completely misses you. You furiously retaliate!
You headbutt Joseph.
Found an escape hatch in the ceiling.
An ooze comes into view.
You feel better.
The ooze quivers.
You hit Joseph.
Joseph is lightly wounded.
Joseph hits you with an uncursed quarterstaff.
You hit Joseph. Your headbutt misses Joseph.
Joseph is lightly wounded.
Joseph sighs, "Being a guard is usually so boring..."
Joseph drinks a potion.
Joseph goes berserk!
Joseph hits you with an uncursed quarterstaff.
* * * LOW HITPOINT WARNING * * *
Joseph hits you with an uncursed quarterstaff!!
You die...

########### ####.......(.#
#.........(..#
###########.##..@..(...#
............##...@.(J..####
#.######..................#
#[##.##.........##.#
#)##.##.........##(#######
#.##.##.........##.....@(#
###.##.##.........########(#
# #...##.####.#.##### #.#
#.####)####.# #.#.# 8.8


You could see Joseph (berserk) and an ooze.

Vanquished Creatures
  The ghost of Arkorax the Ruffian, a novice VSMo of Ru (D:5)
  Duvessa (D:5)
  2 ice beasts (D:6)
  A sky beast (D:7)
  2 ogres
  2 phantoms
  A water moccasin skeleton (D:6)
  10 scorpions
  Dowan (D:5)
  5 wights (D:7)
  2 crimson imps
  A hound (D:6)
  3 human zombies (Ossuary)
  5 orc priests
  2 jellies
  A centaur skeleton (D:4)
  4 orc wizards
  2 big kobold zombies (Ossuary)
  A hound zombie (D:4)
  A hound skeleton (D:7)
  3 mummies (Ossuary)
  3 scorpion zombies (Ossuary)
  9 adders
  A howler monkey skeleton (D:7)
  2 shadow imps
  An ooze (D:3)
  An adder skeleton (D:5)
  2 worms
  3 dart slugs
  A leopard gecko (D:5)
  27 orcs
  2 giant cockroaches
  A gnoll zombie (Ossuary)
  10 goblins
  7 hobgoblins
  6 jackals
  2 quokkas
  A ball python (D:2)
  5 bats
  5 frilled lizards
  A giant cockroach zombie (D:5)
  3 goblin zombies (Ossuary)
  7 kobolds
  A kobold zombie (Ossuary)
  5 orc zombies (Ossuary)
  4 rats
161 creatures vanquished.

Vanquished Creatures (others)
  An orc wizard (D:7)
1 creature vanquished.

Grand Total: 162 creatures vanquished

Notes
Turn   | Place    | Note
-------+----------+-------------------------------------------
     0 | D:1      | Minion the Minotaur Gladiator began the quest for the Orb.
     0 | D:1      | Reached XP level 1. HP: 18/18 MP: 0/0
   151 | D:1      | Reached skill level 4 in Axes
   202 | D:1      | Reached XP level 2. HP: 24/25 MP: 1/1
   848 | D:2      | Reached skill level 5 in Axes
   856 | D:2      | Reached XP level 3. HP: 16/30 MP: 2/2
  1592 | D:2      | Reached XP level 4. HP: 30/37 MP: 3/3
  1675 | D:3      | Reached skill level 6 in Axes
  2044 | D:4      | Noticed an ogre
  2047 | D:4      | Killed an ogre
  2047 | D:4      | Reached skill level 7 in Axes
  2047 | D:4      | Reached XP level 5. HP: 42/42 MP: 4/4
  2101 | D:4      | Reached skill level 1 in Armour
  2104 | D:4      | Reached XP level 6. HP: 13/50 MP: 5/5
  2367 | D:4      | Found a staircase to the Ecumenical Temple.
  2400 | Temple   | Entered the Ecumenical Temple
  2681 | Temple   | Became a worshipper of the Shining One
  2732 | D:4      | Reached skill level 8 in Axes
  3191 | D:5      | Entered Level 5 of the Dungeon
  3192 | D:5      | Noticed Arkorax's ghost (novice VSMo)
  3205 | D:4      | Reached XP level 7. HP: 19/56 MP: 6/6
  3462 | D:5      | Killed Arkorax's ghost
  3462 | D:5      | Reached skill level 9 in Axes
  3665 | D:5      | Found Xast's Distillery.
  3684 | D:5      | Bought a potion of curing for 39 gold pieces
  3684 | D:5      | Bought a potion of heal wounds for 65 gold pieces
  3684 | D:5      | Bought a potion of heal wounds for 65 gold pieces
  3713 | D:5      | Reached skill level 5 in Dodging
  4174 | D:5      | Noticed Dowan
  4176 | D:5      | Noticed Duvessa
  4185 | D:5      | Killed Dowan
  4185 | D:5      | Reached XP level 8. HP: 26/62 MP: 7/7
  4196 | D:5      | Killed Duvessa
  4196 | D:5      | Reached skill level 10 in Axes
  4527 | D:5      | Reached * piety under the Shining One
  4810 | D:6      | Reached skill level 5 in Armour
  4811 | D:6      | Found a sand-covered staircase.
  4827 | Ossuary  | Entered an ossuary
  4880 | Ossuary  | Reached ** piety under the Shining One
  5043 | Ossuary  | Reached skill level 11 in Axes
  5061 | Ossuary  | Reached *** piety under the Shining One
  5420 | D:6      | Found an iron altar of Okawaru.
  5486 | D:6      | Reached XP level 9. HP: 68/68 MP: 8/8
  5492 | D:6      | Found a radiant altar of Vehumet.
  5661 | D:6      | Found a white marble altar of Elyvilon.
  6355 | D:7      | Reached **** piety under the Shining One
  6368 | D:7      | Reached skill level 12 in Axes
  6435 | D:7      | Found Zasif's Distillery.
  6435 | D:7      | Noticed Joseph
  6467 | D:7      | Mangled by Joseph

Vault maps used:
D:1:      tarquinn_simple_flora_water_f
D:2:      minmay_crystal_water
D:4:      lemuel_upstairs_altar, minmay_temple_entry_glass
D:5:      serial_shops, shop, first_bread, patterned_corridor, uniq_duvessa
D:6:      vehumet_altar_wand_db, kennysheep_okawaru_gauntlet,
          old_standard_altar, enter_ossuary_1
D:7:      cheibrodos_quashed, serial_shops,
          nicolae_shop_temple_entry_statues_fountains, uniq_pikel, uniq_joseph
Temple:   nicolae_temple_elliptical
Ossuary:  ossuary_minmay_scorpions

Skill      XL: |  1  2  3  4  5  6  7  8  9 |
---------------+----------------------------+-----
Axes           | 4 5 7 8 9 11 12 | 12.1
Armour         | 1 2 4 6 |  6.8
Dodging        | 4 5 6 7 |  7.1
Fighting       | |  2.4
Throwing       | |  2.0

Action                   |  1- 3 |  4- 6 |  7- 9 || total
-------------------------+-------+-------+-------++-------
Melee: War axe           |    69 |    69 |   162 ||   300
       Headbutt          |     8 |    18 |    73 ||    99
       Hand axe          |       |       |   166 ||   166
  Use: Scroll            |       |     6 |     5 ||    11
       Potion            |       |       |     7 ||     7
 Stab: Sleeping          |     1 |       |       ||     1
  Eat: Chunk             |     2 |     3 |     6 ||    11
       Royal jelly       |       |     1 |       ||     1
       Meat ration       |       |       |     1 ||     1
Armor: Leather armour    |    14 |    12 |     9 ||    35
       Ring mail         |       |       |    42 ||    42
Dodge: Dodged            |    56 |    48 |   163 ||   267
